 Dungeon Crawl Stone Soup version 0.30.1-11-g7821555f0a (webtiles) character file.

Game seed: 5705077254537299240

850 SacredBeard the Grave Robber (level 7, -4/48 HPs)
             Began as a Demonspawn Necromancer on Nov 6, 2023.
             Slain by a troll (16 damage)
             ... on level 5 of the Dungeon.
             The game lasted 00:13:59 (5229 turns).

SacredBeard the Grave Robber (DsNe)                 Turns: 5229, Time: 00:14:00

Health: -4/48      AC:  5    Str: 11    XL:     7   Next: 69%
Magic:  3/14       EV: 11    Int: 16    God:
Gold:   152        SH:  0    Dex: 13    Spells: 15/16 levels left

rFire   + .          .
                       - Unarmed
rCold   + . .        (no shield)
rNeg    . . .        y - +0 leather armour
rPois   +            (no helmet)
rElec   .            i - scarf {rC+ rF+}
rCorr   .            (no gloves)
SInv    .            (no boots)
Will    +....        (no amulet)
Stlth   ++           v - ring of willpower
HPRegen 0.28/turn    z - ring of poison resistance
MPRegen 0.14/turn

%: no passive effects
@: no status effects
A: molten scales 1, demonic touch 2
a: no special abilities


You were on level 5 of the Dungeon.
You visited 1 branch of the dungeon, and saw 6 of its levels.

You collected 152 gold pieces.

Inventory:

Missiles
 d - 12 poisoned darts
 f - 36 stones
Armour
 i - a scarf of resistance (worn)
 y - a +0 leather armour (worn)
Jewellery
 v - a ring of willpower (left hand)
 z - a ring of poison resistance (right hand)
Wands
 o - a wand of polymorph (3)
Scrolls
 a - a scroll of magic mapping {unknown}
 c - a scroll of fog {unknown}
 e - a scroll of fear {unknown}
 g - 2 scrolls of amnesia {unknown}
 j - a scroll of silence {unknown}
 k - a scroll of teleportation {unknown}
 n - a scroll of brand weapon {unknown}
 w - 2 scrolls of enchant armour {unknown}
 x - a scroll of butterflies {unknown}
 A - a scroll of identify {unknown}
 B - a scroll of poison {unknown}
Potions
 b - 2 potions of magic
 h - 2 potions of heal wounds {unknown}
 l - 2 potions of berserk rage {unknown}
 m - 3 potions of might {unknown}
 p - 2 potions of curing
 q - a potion of invisibility {unknown}
 r - a potion of haste {unknown}
 s - a potion of lignification {unknown}
 t - 3 potions of flight {unknown}
 u - a potion of brilliance {unknown}


   Skills:
 + Level 1.6 Fighting
 + Level 1.5 Throwing
 + Level 1.4 Armour
 - Level 2.0 Dodging
 + Level 2.7 Stealth
 + Level 1.4 Unarmed Combat
 - Level 5.0 Spellcasting
 - Level 7.0 Necromancy
 + Level 1.6 Evocations


You had 15 spell levels left.
You knew the following spells:

 Your Spells              Type           Power      Damage    Failure   Level
a - Necrotise             Necr           100%       1d9       1%          1

Your spell library contained the following spells:

 Spells                   Type           Power      Damage    Failure   Level
 Vampiric Draining        Necr           26%        2d7       3%          3
 Animate Dead             Necr           26%        N/A       11%         4
 Agony                    Necr           26%        N/A       30%         5


Dungeon Overview and Level Annotations

Branches:
Dungeon (6/15) Zot: 26735
 Temple: D:4-7

Altars:

Shops:
D:1 (   D:2 :

Annotations:
D:5 Ijyb
D:6 Edmund


Innate Abilities, Weirdness & Mutations

You are partially covered in molten scales. (AC +2)
Your touch may inflict irresistible damage on your foes.


Message History

You catch the helpless Dowan completely off-guard!
You hit Dowan. Your touch misses Dowan.
Dowan is severely wounded.
Dowan barely misses you.
Duvessa barely misses Dowan.
Casting: Necrotise (safe; 1% risk of failure)
Confirm with . or Enter, or press ? or * to list all spells.
Aiming: Necrotise (safe; 1% risk of failure)
Press: ? - help, Shift-Dir - straight line, f/p - Dowan
Aim: Dowan, wielding a +0 dagger and wearing a +0 robe (severely wounded, fast, ally target, chance to affect: 83%) Dowan writhes in agony!
You kill Dowan!
The dead are walking!
Items here: )) [[.
Okay, then.
Dowan hits the troll.
A troll is nearby!
The troll bites Duvessa.
The troll claws Duvessa.
The troll claws Duvessa!
Duvessa hits the troll.
The troll bites Duvessa!
Duvessa is destroyed!
Dowan hits the troll but does no damage.
You are too injured to fight recklessly!
You are too injured to fight recklessly!
Casting: Necrotise (safe; 1% risk of failure)
Confirm with . or Enter, or press ? or * to list all spells.
Aiming: Necrotise (safe; 1% risk of failure)
Press: ? - help, Shift-Dir - straight line, f - troll
Aim: a troll (lightly wounded, ally target, chance to affect: 83%)
The troll writhes in agony.
Dowan hits the troll.
Casting: Necrotise (safe; 1% risk of failure)
Confirm with . or Enter, or press ? or * to list all spells.
Aiming: Necrotise (safe; 1% risk of failure)
Press: ? - help, Shift-Dir - straight line, f/p - troll
Aim: a troll (moderately wounded, ally target, chance to affect: 83%)
The troll barely resists.
The troll bites you but does no damage. The troll closely misses you.
The troll claws you!
* * * LOW HITPOINT WARNING * * *
Dowan hits the troll.
You feel better. The troll bites you!
You die...

#. #.# ##. ... .
#.# .# ### .###.#
..##.# #.# #.##.#
#.# #.# >..##.#
#.# #.##.# #.#
...#.# #@# .#.#..#
#T#.##.##.######
###Z.............#
#.....##.##.#.##.#
#.#.##.....##.##.#
#.#.##.....##.##.#
#.#.###...###.##.#
#.#.# #..## #.##.#
#.#.###<## #.##.#


You could see a troll (ally target) and the friendly Dowan the elf skeleton.

Vanquished Creatures
  Duvessa (D:5)
  A black bear (D:5)
  2 ogres (D:4)
  A kobold brigand (D:6)
  Dowan (D:5)
  2 hounds
  A sleepcap (D:4)
  An orc wizard (D:4)
  3 gnolls (D:4)
  9 adders
  A shadow imp (D:6)
  A white imp (D:5)
  A worm (D:2)
  7 orcs (D:4)
  13 endoplasms
  2 giant cockroaches
  5 hobgoblins
  4 jackals
  5 quokkas
  7 ball pythons
  7 bats
  3 frilled lizards
  7 goblins
  5 kobolds
  3 rats
93 creatures vanquished.

Vanquished Creatures (collateral kills)
  A jelly (D:4)
  A dart slug (D:5)
  4 orcs (D:4)
  An endoplasm (D:4)
  A goblin (D:2)
  A rat (D:1)
9 creatures vanquished.

Grand Total: 102 creatures vanquished

Notes
Turn   | Place    | Note
-------+----------+-------------------------------------------
     0 | D:1      | SacredBeard the Demonspawn Necromancer began the quest for
                  | the Orb.
     0 | D:1      | Reached XP level 1. HP: 13/13 MP: 3/3
   295 | D:1      | Gained mutation: Your touch may inflict minor irresistible
                  | damage on your foes. [demonic ancestry]
   295 | D:1      | Reached XP level 2. HP: 19/19 MP: 1/5
   938 | D:1      | Found Puenet's Antique Weapon Emporium.
  1260 | D:2      | Reached XP level 3. HP: 12/24 MP: 0/6
  1446 | D:2      | Reached skill level 5 in Necromancy
  1772 | D:2      | Gained mutation: You are partially covered in molten
                  | scales. (AC +2) [demonic ancestry]
  1772 | D:2      | Reached XP level 4. HP: 30/30 MP: 2/8
  1841 | D:2      | You fall into a shaft and drop 1 floor!
  2062 | D:2      | Found Iddoonoi's Book Shoppe.
  3105 | D:4      | Reached XP level 5. HP: 35/35 MP: 3/10
  3160 | D:4      | Noticed an ogre
  3423 | D:4      | Reached skill level 6 in Necromancy
  3628 | D:4      | Gained mutation: Your touch may inflict irresistible damage
                  | on your foes. [demonic ancestry]
  3628 | D:4      | Reached XP level 6. HP: 41/41 MP: 0/12
  4049 | D:4      | Reached skill level 5 in Spellcasting
  4049 | D:4      | Reached skill level 7 in Necromancy
  4566 | D:5      | Entered Level 5 of the Dungeon
  4625 | D:5      | Noticed a troll
  4627 | D:5      | Reached XP level 7. HP: 41/47 MP: 7/14
  4855 | D:5      | Noticed Duvessa
  4876 | D:5      | Noticed Dowan
  4876 | D:5      | Noticed Ijyb
  5039 | D:6      | Noticed Edmund
  5048 | D:6      | Reached skill level 1 in Fighting
  5048 | D:6      | Reached skill level 1 in Throwing
  5048 | D:6      | Reached skill level 1 in Armour
  5048 | D:6      | Reached skill level 1 in Unarmed Combat
  5048 | D:6      | Reached skill level 1 in Evocations
  5208 | D:5      | Killed Duvessa
  5214 | D:5      | Killed Dowan
  5229 | D:5      | Slain by a troll

Illustrated notes

Levels and vault maps discovered:
D:1:      sevenhm_arrival_forest_fort_small_3, layout_loops_corners,
          serial_shops, shop, kennysheep_doodads
D:2:      minmay_angry_zag, layout_basic, serial_shops, shop,
          serial_park_tiny_pond
D:3:      layout_basic
D:4:      layout_basic
D:5:      layout_loops_ring, dk_yredelemnul_ordeal, gup_sewer_entry_glass,
          uniq_duvessa, uniq_ijyb
D:6:      layout_gridville, corexii_hall_statues_s, corexii_checkpoint_b,
          uniq_edmund

Skill      XL: |  1  2  3  4  5  6  7 |
---------------+----------------------+-----
Stealth        | 2 |  2.7
Dodging        | 2 |  2.0
Necromancy     | 5 6 7 |  7.0
Spellcasting   | 3 4 5 |  5.0
Fighting       | 1 |  1.6
Throwing       | 1 |  1.5
Armour         | 1 |  1.4
Unarmed Combat | 1 |  1.4
Evocations     | 1 |  1.6

Action                     |  1- 3 |  4- 6 |  7- 9 || total
---------------------------+-------+-------+-------++-------
  Melee: Unarmed           |    17 |     4 |    17 ||    38
         Touch             |     1 |     2 |     2 ||     5
  Throw: Dart              |       |     6 |       ||     6
   Cast: Necrotise         |    68 |   120 |    52 ||   240
    Use: Potion            |       |       |     2 ||     2
   Stab: Distracted        |       |       |     1 ||     1
 Armour: Robe              |     6 |     7 |       ||    13
         Leather armour    |       |     1 |    15 ||    16
  Dodge: Dodged            |    18 |    12 |    24 ||    54
